 Dungeon Crawl Stone Soup version 0.23-a0-539-g3f6f39f (webtiles) character file.

132143 RoseArtemis the Brawler (level 16, -2/165 HPs)
             Began as a Troll Monk on Dec 7, 2018.
             Was the Champion of Ru.
             Slain by a wolf spider (8 damage)
             ... on level 2 of the Spider Nest.
             The game lasted 01:12:03 (29078 turns).

RoseArtemis the Brawler (Troll Monk)               Turns: 29078, Time: 01:12:05

Health: -2/165     AC: 13    Str: 23    XL:     16   Next: 56%
Magic:  9/15       EV: 15    Int:  6    God:    Ru [******]
Gold:   959        SH: 16    Dex: 17    Spells: 13/15 levels left

rFire    . . .     SeeInvis .     - Unarmed
rCold    . . .     Gourm    +   i - +2 shield {AC+3}
rNeg     . . .     Faith    .   G - +2 robe {MR+}
rPois    .         Spirit   .   B - +1 hat
rElec    .         Reflect  +   h - scarf {rC+ rF+}
rCorr    .         Harm     .   (gloves unavailable)
MR       +++..                  (boots unavailable)
Stlth    ++........             H - +3 amulet of reflection
HPRegen  0.77/turn              r - +2 ring of protection
MPRegen  0.14/turn              d - ring of protection from magic

@: exhausted, drained
A: large, unfitting armour, claws 3, fast metabolism 3, gourmand, regeneration
1, shaggy fur 1, tough skin 2, hated by all, inability to train armour, no
conjurations magic, no fire magic, no hexes magic, temperature sensitive
a: Draw Out Power, Power Leap, Apocalypse, Renounce Religion


You were on level 2 of the Spider Nest.
You worshipped Ru.
Ru was exalted by your worship.
You were hungry.

You visited 6 branches of the dungeon, and saw 28 of its levels.

You collected 2900 gold pieces.
You spent 1941 gold pieces at shops.

Inventory:

Hand Weapons
 b - a +9 dire flail of holy wrath
Missiles
 n - 13 large rocks (quivered)
Armour
 h - a scarf of resistance (worn)
 i - a +2 shield of protection (worn)
 B - a +1 hat (worn)
 G - a +2 robe of magic resistance (worn)
Jewellery
 d - a ring of protection from magic (right claw)
 f - an uncursed ring of fire
 m - a +2 ring of evasion
 r - a +2 ring of protection (left claw)
 F - an uncursed ring of poison resistance
 H - a +3 amulet of reflection (around neck)
 M - an uncursed ring of see invisible
 N - an uncursed ring of protection from fire
 Q - an uncursed ring of protection from cold
Wands
 g - a wand of disintegration (34)
 k - a wand of acid (19)
 l - a wand of iceblast (17)
 u - a wand of paralysis (48)
 z - a wand of polymorph (20)
 A - a wand of random effects (15)
 J - a wand of scattershot (7)
 K - a wand of digging (11)
Scrolls
 e - a scroll of vulnerability
 p - 8 scrolls of magic mapping
 q - 4 scrolls of amnesia
 t - 12 scrolls of remove curse
 E - 2 scrolls of fog
 P - 2 scrolls of teleportation
 U - a scroll of fear
Potions
 a - 2 potions of might
 c - 6 potions of flight
 j - 4 potions of mutation
 s - 2 potions of magic
 v - 3 potions of brilliance
 w - 2 potions of lignification
 x - 2 potions of resistance
 S - a potion of ambrosia
 V - a potion of haste
Miscellaneous
 I - a lightning rod (4/4)
Comestibles
 y - 64 rations


   Skills:
 + Level 12.2(10.9) Fighting
 * Level 13.2(11.8) Maces & Flails
 - Level 6.0(4.9) Throwing
 * Level 9.8(8.6) Dodging
 - Level 1.0(0.0) Stealth
 - Level 9.0(7.8) Shields
 + Level 15.5(14.1) Unarmed Combat


You had 13 spell levels left.
You knew the following spells:

 Your Spells              Type           Power        Failure   Level  Hunger
a - Passwall              Tmut/Erth      #.......     67%         2    ###....

Your spell library contained the following spells:

 Spells                   Type           Power        Failure   Level  Hunger
 Freeze                   Ice            #...         54%         1    ##.....
 Pain                     Necr           #...         54%         1    ##.....
 Sandblast                Erth           #.....       54%         1    ##.....
 Blink                    Tloc           N/A          67%         2    ###....
 Poisonous Vapours        Pois/Air       #.....       67%         2    ###....
 Swiftness                Chrm/Air       #.......     67%         2    ###....
 Ozocubu's Armour         Chrm/Ice       #.......     88%         3    ####...
 Regeneration             Chrm/Necr      #.........   88%         3    ####...
 Spider Form              Tmut/Pois      #.........   88%         3    ####...
 Vampiric Draining        Necr           #.........   88%         3    ####...
 Airstrike                Air            #.........   99%         4    #####..
 Ice Form                 Ice/Tmut       #.......     99%         4    #####..
 Olgreb's Toxic Radiance  Pois           #.......     99%         4    #####..
 Petrify                  Tmut/Erth      #.......     99%         4    #####..
 Alistair's Intoxication  Tmut/Pois      #.......     100%        5    ######.
 Lee's Rapid Deconstruct  Erth           #.........   100%        5    ######.
 Deflect Missiles         Chrm/Air       #.........   100%        6    #######
 Ozocubu's Refrigeration  Ice            #.........   100%        6    #######
 Animate Skeleton         Necr           Unusable     N/A         1    N/A
 Corona                   Hex            Unusable     N/A         1    N/A
 Magic Dart               Conj           Unusable     N/A         1    N/A
 Shock                    Conj/Air       Unusable     N/A         1    N/A
 Call Imp                 Summ           Unusable     N/A         2    N/A
 Ensorcelled Hibernation  Hex/Ice        Unusable     N/A         2    N/A
 Slow                     Hex            Unusable     N/A         2    N/A
 Throw Frost              Conj/Ice       Unusable     N/A         2    N/A
 Confuse                  Hex            Unusable     N/A         3    N/A
 Conjure Flame            Conj/Fire      Unusable     N/A         3    N/A
 Dazzling Spray           Conj/Hex       Unusable     N/A         3    N/A
 Ignite Poison            Fire/Tmut/Pois Unusable     N/A         3    N/A
 Mephitic Cloud           Conj/Pois/Air  Unusable     N/A         3    N/A
 Static Discharge         Conj/Air       Unusable     N/A         3    N/A
 Stone Arrow              Conj/Erth      Unusable     N/A         3    N/A
 Tukima's Dance           Hex            Unusable     N/A         3    N/A
 Animate Dead             Necr           Unusable     N/A         4    N/A
 Cause Fear               Hex            Unusable     N/A         4    N/A
 Summon Ice Beast         Ice/Summ       Unusable     N/A         4    N/A
 Throw Icicle             Conj/Ice       Unusable     N/A         4    N/A
 Bolt of Magma            Conj/Fire/Erth Unusable     N/A         5    N/A
 Iskenderun's Battlesphe  Conj/Chrm      Unusable     N/A         5    N/A
 Lightning Bolt           Conj/Air       Unusable     N/A         5    N/A
 Metabolic Englaciation   Hex/Ice        Unusable     N/A         5    N/A
 Silence                  Hex/Air        Unusable     N/A         5    N/A
 Venom Bolt               Conj/Pois      Unusable     N/A         5    N/A
 Yara's Violent Unravell  Hex/Tmut       Unusable     N/A         5    N/A
 Bolt of Cold             Conj/Ice       Unusable     N/A         6    N/A
 Freezing Cloud           Conj/Ice/Air   Unusable     N/A         6    N/A
 Iron Shot                Conj/Erth      Unusable     N/A         6    N/A
 Simulacrum               Ice/Necr       Unusable     N/A         6    N/A
 Orb of Destruction       Conj           Unusable     N/A         7    N/A
 Ring of Flames           Chrm/Fire      Unusable     N/A         7    N/A
 Spellforged Servitor     Conj/Summ      Unusable     N/A         7    N/A
 Discord                  Hex            Unusable     N/A         8    N/A

Dungeon Overview and Level Annotations

Branches:
Dungeon (15/15)            Temple (1/1) D:4            Lair (6/6) D:10
 Shoals (0/4) Lair:4       Spider (2/4) Lair:2        Slime (0/5) Lair:6
    Orc (2/2) D:9             Elf (2/3) Orc:2        Vaults (0/5) D:14
 Depths (0/5) D:15

Altars:
Ashenzari
Cheibriados
Dithmenos
Elyvilon
Fedhas
Gozag
Hepliaklqana
Kikubaaqudgha
Makhleb
Nemelex Xobeh
Okawaru
Qazlal
Ru
Sif Muna
Trog
Uskayaw
Vehumet
Wu Jian
Xom
Yredelemnul
Zin
The Shining One
Beogh

Shops:
D:10 *=   D:14 (   Orc:1 =   Orc:2 :([*   Elf:1 *

Annotations:
D:10 3 runed doors, exclusion: downstairs, Twixt's ghost, novice HOFi
D:14 exclusion: Roxanne, Roxanne
Lair:1 1 runed door, Ratty's ghost, journeyman MiHu
Lair:2 2 runed doors, Foefao Rulua's ghost, journeyman DEAE
Lair:3 exclusion: downstairs
Elf:2 3 runed doors, Nikola


Innate Abilities, Weirdness & Mutations

You are too large for most types of armour.
You have claws for hands.
Your metabolism is lightning-fast.
You like to eat raw meat.
Your natural rate of healing is unusually fast.
You are covered in fur. (AC +1)
You have very tough skin. (AC +2)
You are hated by all.
You cannot train Armour skill.
You cannot study or cast Conjurations magic.
You cannot study or cast Fire magic.
You cannot study or cast Hexes magic.
You are sensitive to extremes of temperature. (rF-, rC-)


Message History

You block the jumping spider's attack. The wolf spider hits you.
* * * LOW HITPOINT WARNING * * *
The wolf spider bites you.
* * * LOW HITPOINT WARNING * * *
You are lethally poisoned!
The wolf spider poisons you! The wolf spider hits you!
* * * LOW HITPOINT WARNING * * *
You focus your will and illuminate the wolf spider in retribution!
You block the wolf spider's attack.
You feel better.
The jumping spider is stunned by your will and fails to attack.
You block the wolf spider's attack. The wolf spider bites you!
* * * LOW HITPOINT WARNING * * *
The orb spider weaves a glowing orb of energy.
You redirect the wolf spider's attack!
The wolf spider hits the wolf spider!
The wolf spider bites the wolf spider.
The jumping spider misses you.
The jumping spider bites you but does no damage.
You block the wolf spider's attack. The wolf spider bites you!
You die...

## #. .. #...#.# .# .
#.$ ..
.#...#...#...#...# ..#
....§.##^#.. ...##...
.#.......s###......
..#....#..##s#..# ##.
#..#..#.#.##*.#.#
#...#..##..#.s#..#.#>#
#..<##..†##@s.†..#
#.....##.≈##s.##.##
#...######≈#†....^#
#..#.. #≈≈^†††.##.^..
#.#..# ##≈..#...# #.
#..#.. #≈≈####.^#....
.#.... #≈ ##.#.... ..^
..# # #. #.# .. .. ##
.#


You could see an emperor scorpion, 2 wolf spiders, an orb spider and a jumping
spider.

Vanquished Creatures
  Rupert (D:14)
  Gastronok (D:11)
  Agnes (D:14)
  Kirke (Lair:3)
  2 orc warlords (Orc:2)
  A deep elf sorcerer (Elf:2)
  An emperor scorpion (Spider:1)
  A deep elf elementalist (Elf:1)
  A deep elf demonologist (Elf:2)
  A deep elf annihilator (Elf:1)
  A dire elephant (D:15)
  Snorg (D:12)
  8 vault guards
  2 hydras
  2 death knights
  2 two-headed ogres (D:13)
  4 catoblepae
  4 tengu warriors
  7 dancing weapons
  2 centaur warriors (D:14)
  An ogre mage (D:10)
  Urug (Orc:2)
  4 death yaks (Lair:4)
  An orc high priest (Orc:2)
  6 deep elf knights
  A death drake (Elf:2)
  3 unseen horrors
  4 deep elf archers
  A sea snake (Elf:2)
  5 orc knights
  7 orb spiders
  A mana viper (Elf:2)
  20 deep elf magi
  6 wolf spiders
  10 orc sorcerers
  5 oklob plants
  An ugly thing (D:12)
  5 manticores
  5 centaur zombies
  7 elephants
  3 cyclopes
  A guardian serpent (Lair:6)
  14 black mambas
  A gargoyle (D:14)
  Maurice (Orc:1)
  11 spiny frogs
  Psyche (D:11)
  A freezing wraith (D:10)
  A torpor snail (Lair:5)
  4 komodo dragons
  An efreet (D:15)
  A komodo dragon (shapeshifter) (D:13)
  A rime drake (Lair:6)
  2 demonic crawlers (Spider:2)
  A kobold demonologist (D:11)
  3 tengu conjurers
  A meliai (D:11)
  6 trolls
  Grinder (D:5)
  4 hornets
  A harpy skeleton (D:13)
  A polar bear (Lair:3)
  5 jumping spiders
  Prince Ribbit (D:5)
  A meliai zombie (D:14)
  7 hippogriffs
  11 dream sheep
  A snapping turtle (Lair:4)
  10 slime creatures
  9 blink frogs
  3 air elementals (Elf:2)
  A shadow (D:15)
  2 centaur simulacra (D:12)
  11 redbacks
  6 tarantellas
  A vampire (D:14)
  2 fire elementals
  12 wyverns
  2 water elementals
  37 yaks
  A human (shapeshifter) (D:13)
  3 hogs (Lair:4)
  A wraith (D:13)
  Grum (D:10)
  6 hungry ghosts
  Edmund (D:4)
  Menkaure (D:4)
  3 vampire mosquitoes (D:15)
  6 wargs
  19 water moccasins
  7 porcupines
  39 orc warriors
  5 ice beasts
  A sky beast (D:10)
  3 phantoms
  A hornet zombie (D:13)
  12 ogres
  4 boggarts (D:14)
  A black bear (D:9)
  14 wolves
  15 centaurs
  17 crocodiles
  4 big kobolds
  20 bullfrogs
  An earth elemental (Elf:1)
  A gnoll sergeant (D:8)
  2 wyvern zombies
  4 scorpions
  11 wights
  8 electric eels
  3 howler monkeys
  9 crimson imps
  A wyvern simulacrum (D:12)
  3 bullfrog zombies
  9 hounds
  19 orc priests
  3 jellies
  30 orc wizards
  4 bullfrog skeletons
  3 centaur skeletons
  A gnoll shaman (D:9)
  4 iguanas
  6 worker ants
  2 hell rats (Lair:2)
  A killer bee zombie (D:10)
  A bullfrog simulacrum (D:12)
  3 hound zombies
  A hound skeleton (D:11)
  A worker ant zombie (D:5)
  A howler monkey zombie (D:6)
  4 gnolls (D:8)
  9 adders
  5 river rats (Lair:2)
  5 shadow imps
  3 white imps
  An ufetubus (D:12)
  An adder zombie (D:8)
  3 worms
  2 dart slugs
  7 leopard geckos
  95 orcs
  3 bats (D:2)
  8 giant cockroaches
  10 goblins
  6 hobgoblins
  7 jackals
  5 quokkas
  A ball python (D:2)
  3 frilled lizards
  20 kobolds
  A quokka zombie (D:9)
  11 rats
  8 fungi
  5 plants
861 creatures vanquished.

Vanquished Creatures (others)
  A two-headed ogre (D:12)
  A deep elf archer (Elf:1)
  2 deep elf magi
  A black mamba (Lair:6)
  A komodo dragon (Lair:2)
  A hornet (Lair:6)
  A yak (Lair:6)
  An orc warrior (Orc:1)
  A hound (D:14)
  An orc priest (Orc:2)
  An orc wizard (Orc:2)
  A white imp (D:12)
  6 orcs
  A kobold (D:14)
  18 fungi
  13 plants
51 creatures vanquished.

Grand Total: 912 creatures vanquished

Notes
Turn   | Place    | Note
-------+----------+-------------------------------------------
     0 | D:1      | RoseArtemis the Troll Monk began the quest for the Orb.
     0 | D:1      | Reached XP level 1. HP: 22/22 MP: 0/0
   182 | D:1      | Reached XP level 2. HP: 27/29 MP: 1/1
   586 | D:2      | Reached XP level 3. HP: 36/36 MP: 2/2
  1161 | D:2      | Reached skill level 4 in Unarmed Combat
  1178 | D:2      | Found a hide-covered altar of Uskayaw.
  1291 | D:3      | Found an ancient bone altar of Kikubaaqudgha.
  1369 | D:3      | Found a basalt altar of Yredelemnul.
  1423 | D:3      | Found a white marble altar of Elyvilon.
  1443 | D:3      | Reached XP level 4. HP: 44/44 MP: 3/3
  1638 | D:3      | Learned a level 3 spell: Regeneration
  1950 | D:4      | Noticed an ogre
  1951 | D:4      | Noticed Menkaure
  1965 | D:4      | Killed an ogre
  1965 | D:4      | Reached XP level 5. HP: 37/53 MP: 4/4
  1969 | D:4      | Killed Menkaure
  1969 | D:4      | Reached skill level 1 in Throwing
  1969 | D:4      | Reached skill level 5 in Unarmed Combat
  1969 | D:4      | Reached XP level 6. HP: 31/61 MP: 5/5
  2327 | D:4      | Found a staircase to the Ecumenical Temple.
  2364 | D:4      | Noticed Edmund
  2378 | D:4      | Killed Edmund
  2507 | Temple   | Entered the Ecumenical Temple
  2600 | Temple   | Became a worshipper of Ru the Awakened
  2605 | Temple   | Gained mutation: You cannot study or cast Fire magic. [Ru
                  | sacrifice]
  2605 | Temple   | Gained mutation: You cannot study or cast Hexes magic. [Ru
                  | sacrifice]
  2605 | Temple   | Gained mutation: You cannot study or cast Conjurations
                  | magic. [Ru sacrifice]
  2605 | Temple   | Reached * piety under Ru
  2718 | D:5      | Entered Level 5 of the Dungeon
  2779 | D:5      | Noticed a moth of wrath
  2887 | D:5      | Noticed Prince Ribbit
  2905 | D:5      | Killed Prince Ribbit
  2905 | D:5      | Reached skill level 6 in Unarmed Combat
  2905 | D:5      | Reached XP level 7. HP: 60/68 MP: 6/6
  2911 | D:5      | Noticed Grinder
  2926 | D:5      | Killed Grinder
  2968 | D:5      | Reached XP level 8. HP: 48/78 MP: 7/7
  3166 | D:5      | Found a stormy altar of Qazlal.
  3450 | D:5      | Found a bloodstained altar of Trog.
  3716 | D:6      | Reached skill level 7 in Unarmed Combat
  4209 | D:6      | Reached skill level 5 in Fighting
  4209 | D:6      | Reached skill level 8 in Unarmed Combat
  4554 | D:7      | Gained mutation: You cannot train Armour skill. [Ru
                  | sacrifice]
  4554 | D:7      | Reached ** piety under Ru
  4603 | D:8      | Reached skill level 5 in Dodging
  4603 | D:8      | Reached XP level 9. HP: 88/88 MP: 8/8
  5294 | D:8      | Reached skill level 9 in Unarmed Combat
  5388 | D:9      | Found a staircase to the Orcish Mines.
  5397 | D:9      | Reached skill level 5 in Throwing
  5643 | D:9      | Found a burning altar of Makhleb.
  5643 | D:9      | Found a glowing golden altar of the Shining One.
  5644 | D:9      | Found an iron altar of Okawaru.
  5861 | D:8      | Learned a level 2 spell: Passwall
  5931 | D:9      | Reached XP level 10. HP: 77/98 MP: 9/9
  6259 | D:10     | Entered Level 10 of the Dungeon
  6309 | D:10     | Noticed Grum
  6325 | D:10     | Reached skill level 10 in Unarmed Combat
  6330 | D:10     | Killed Grum
  6334 | D:10     | Found Piposh's Jewellery Shop.
  6408 | D:10     | Bought an uncursed ring of poison resistance for 280 gold
                  | pieces
  6461 | D:10     | Found a glowing golden altar of the Shining One.
  6461 | D:10     | Found Basuc's Hallowed Reliquary.
  6461 | D:10     | Noticed an angel
  6483 | D:10     | Bought 2 potions of heal wounds for 150 gold pieces
  6483 | D:10     | Bought a potion of heal wounds for 75 gold pieces
  6559 | D:10     | Found a staircase to the Lair.
  6563 | D:10     | Noticed an oklob plant
  6571 | D:10     | Gained mutation: You are sensitive to extremes of
                  | temperature. (rF-, rC-) [Ru sacrifice]
  6571 | D:10     | Reached *** piety under Ru
  6571 | D:10     | Reached **** piety under Ru
  6571 | D:10     | Reached ***** piety under Ru
  6808 | D:10     | Noticed Twixt's ghost (novice HOFi)
  6856 | D:10     | Found a runed gate.
  6856 | D:10     | Found a runed gate.
  6857 | D:10     | Found a runed gate.
  7039 | Lair:1   | Entered Level 1 of the Lair of Beasts
  7060 | Lair:1   | Reached skill level 1 in Shields
  7064 | Lair:1   | Reached skill level 1 in Maces & Flails
  7242 | Lair:1   | Noticed Ratty's ghost (journeyman MiHu)
  7276 | Lair:1   | Found a runed door.
  7361 | Lair:1   | Noticed a spiny frog
  7382 | Lair:1   | Killed a spiny frog
  7382 | Lair:1   | Reached skill level 11 in Unarmed Combat
  8122 | Lair:2   | Noticed a black mamba
  8127 | Lair:2   | Killed a black mamba
  8127 | Lair:2   | Reached XP level 11. HP: 98/109 MP: 10/10
  8155 | Lair:2   | Found a hole to the Spider Nest.
  8602 | Lair:2   | Gained mutation: You are hated by all. [Ru sacrifice]
  8602 | Lair:2   | Reached ****** piety under Ru
  8709 | Lair:2   | Found a large runed door.
  8709 | Lair:2   | Found a large runed door.
  8756 | Lair:2   | Noticed Foefao Rulua's ghost (journeyman DEAE)
  9605 | Lair:3   | Reached skill level 5 in Shields
 10155 | Lair:4   | Noticed a seven-headed hydra
 10167 | Lair:4   | Killed a 12-headed hydra
 10189 | Lair:4   | Noticed a catoblepas
 10189 | Lair:4   | Noticed a death yak
 10190 | Lair:4   | Noticed Kirke
 10194 | Lair:4   | Noticed a death yak
 10196 | Lair:4   | Noticed a death yak
 10197 | Lair:4   | Noticed a death yak
 10464 | Lair:3   | Killed Kirke
 10464 | Lair:3   | Reached XP level 12. HP: 16/119 MP: 4/11
 10668 | Lair:4   | Killed a death yak
 10670 | Lair:4   | Killed a death yak
 10670 | Lair:4   | Reached skill level 5 in Maces & Flails
 10670 | Lair:4   | Reached skill level 12 in Unarmed Combat
 10671 | Lair:4   | Killed a death yak
 10675 | Lair:4   | Killed a death yak
 10968 | Lair:4   | Found a staircase to the Shoals.
 11085 | Lair:4   | Killed a catoblepas
 12500 | Lair:6   | Entered Level 6 of the Lair of Beasts
 12894 | Lair:6   | Reached XP level 13. HP: 113/131 MP: 12/12
 13320 | D:10     | Bought an uncursed ring of protection from fire for 350
                  | gold pieces
 13459 | Lair:6   | Found a staircase to the Slime Pits.
 13950 | Lair:6   | Reached skill level 13 in Unarmed Combat
 14010 | Lair:6   | Found a white marble altar of Elyvilon.
 15008 | D:11     | Noticed Psyche
 15013 | D:11     | Killed Psyche
 15030 | D:10     | Reached skill level 10 in Fighting
 15165 | D:11     | Noticed Gastronok
 15317 | D:11     | Killed Gastronok
 15724 | D:10     | Found Piposh's Jewellery Shop.
 15733 | D:10     | Found a glowing golden altar of the Shining One.
 15733 | D:10     | Found Basuc's Hallowed Reliquary.
 15783 | D:10     | Found a runed gate.
 15783 | D:10     | Found a runed gate.
 15783 | D:10     | Found a runed gate.
 15868 | D:10     | Found a staircase to the Lair.
 16241 | D:11     | Identified Rigaock's Disquisition on the Aerial Snowflakes
 16252 | D:11     | Reached XP level 14. HP: 85/144 MP: 13/13
 17197 | D:12     | Found a deep blue altar of Sif Muna.
 17325 | D:12     | Noticed Snorg
 17352 | D:12     | HP: 7/144 [Snorg (9)]
 17353 | D:12     | Killed Snorg
 17353 | D:12     | Reached skill level 14 in Unarmed Combat
 17750 | D:10     | Bought an uncursed ring of protection from magic for 350
                  | gold pieces
 17781 | Orc:1    | Entered Level 1 of the Orcish Mines
 18083 | Orc:2    | Entered Level 2 of the Orcish Mines
 18083 | Orc:2    | Noticed an orc warlord
 18123 | Orc:1    | Noticed Maurice
 18152 | Orc:1    | Killed Maurice
 18256 | Orc:1    | Found Ufirchy's Jewellery Boutique.
 18835 | Orc:2    | Found a staircase to the Elven Halls.
 19096 | Orc:2    | Found a roughly hewn altar of Beogh.
 19284 | Orc:2    | Killed an orc warlord
 20017 | Orc:2    | Reached skill level 10 in Maces & Flails
 20094 | Orc:2    | Noticed an orc warlord
 20234 | Orc:2    | Noticed Urug
 20577 | Orc:2    | Found a roughly hewn altar of Beogh.
 20585 | Orc:2    | Killed an orc warlord
 20610 | Orc:2    | Killed Urug
 20866 | Orc:2    | Found Pavuvilo's Antique Armour Shoppe.
 20997 | Orc:2    | Found Dalurgh's Book Shoppe.
 21005 | Orc:2    | Found Horeawn's Antique Weapon Shoppe.
 21016 | Orc:2    | Found Miuprez's General Store.
 21666 | D:13     | Found a radiant altar of Vehumet.
 21894 | D:13     | Reached XP level 15. HP: 68/153 MP: 14/14
 23452 | D:14     | Noticed Rupert
 23469 | D:14     | Killed Rupert
 23489 | D:14     | Found a gate to the Vaults.
 23567 | D:14     | Noticed Roxanne
 23705 | D:14     | Found Usaegiv's Antique Weapon Emporium.
 23760 | D:14     | Noticed Agnes
 23769 | D:14     | Killed Agnes
 24279 | D:15     | Entered Level 15 of the Dungeon
 24587 | D:15     | Reached skill level 15 in Unarmed Combat
 24785 | D:15     | Found an opulent altar of Gozag.
 24851 | D:15     | Found a staircase to the Depths.
 25567 | Elf:1    | Entered Level 1 of the Elven Halls
 25722 | Elf:1    | Found Kissiow's Assorted Antiques.
 25728 | Elf:1    | Bought a scroll labeled MIOGUHYAHO for 32 gold pieces
 25728 | Elf:1    | Bought a scroll labeled WEACAOMUOXU for 32 gold pieces
 25728 | Elf:1    | Bought a scroll of teleportation for 96 gold pieces
 25728 | Elf:1    | Bought a wand of acid (6) for 256 gold pieces
 25728 | Elf:1    | Bought a potion of haste for 320 gold pieces
 26152 | Elf:1    | Found a deep blue altar of Sif Muna.
 26273 | Elf:1    | Reached XP level 16. HP: 130/165 MP: 15/15
 26470 | Elf:1    | Identified the cursed +0 leather armour of the Robin
                  | {Str+5}
 26510 | Elf:1    | Got a crude cloak
 26521 | Elf:1    | Identified the +0 cloak of Guluhy {SInv} (You acquired it
                  | on level 1 of the Elven Halls)
 27480 | Elf:2    | Identified the Collected Works on Poisoning
 27792 | Elf:2    | Found a runed gate.
 27792 | Elf:2    | Found a runed gate.
 27792 | Elf:2    | Found a runed gate.
 27912 | Elf:2    | Noticed Nikola
 28293 | Spider:1 | Entered Level 1 of the Spider Nest
 29077 | Spider:2 | HP: 5/165 [wolf spider (10)]
 29078 | Spider:2 | Slain by a wolf spider

Vault maps used:
D:1:      minmay_arrival_five_plusses
D:2:      lemuel_coloured_pillars_altar, serial_rivers,
          chequers_serial_rivers_micro_b, chequers_serial_rivers_room_b,
          chequers_serial_rivers_micro_e, chequers_serial_rivers_micro_a
D:3:      kennysheep_ying_yang, kiku_gazebo_pond_becter, lightli_corner_chamber
D:4:      minmay_temple_entry_hall, first_ration,
          minmay_misc_feat_secret_circle, uniq_edmund, uniq_menkaure
D:5:      tgw_trog, nicolae_qazlal_eye_of_the_storm, uniq_grinder,
          uniq_prince_ribbit1
D:8:      hangedman_abyss_or_decor_passed, minivault_25
D:9:      kennysheep_ambush_hall, gammafunk_temple_overflow_claw, david_orc_2,
          hangedman_decor_lopped, serial_bayou_pond_d, blue_anna_alchemist
D:10:     dpeg_oklobed_lair, gammafunk_ghost_icy, serial_shops, shop_statue,
          nicolae_good_shop, uniq_grum
D:11:     minivault_28, uniq_gastronok, uniq_psyche
D:12:     serial_ice, serial_ice_l, serial_ice_b, serial_ice_d, serial_ice_h,
          nicolae_two_hexagons, tgw_sif, uniq_snorg
D:13:     basic_altar
D:14:     erik_vaults_2, serial_shops, shop, uniq_rupert, uniq_agnes,
          uniq_roxanne
D:15:     hangedman_depths_entry_try_elsewhere_first, basic_altar,
          serial_park_gazebo, serial_bayou_pond_b, corexii_hall_statues_x
Temple:   eino_temple_lava
Lair:1:   hellmonk_ghost_happy_afterlife, serial_bayou_shore_a,
          grunt_megastairs_4
Lair:2:   spider_nest_entry_rubble, ebering_ghost_disaster_area,
          kennysheep_rathole
Lair:3:   serial_bayou_lagoon_b
Lair:4:   minmay_shoals_entry_hut, serial_rivers,
          chequers_serial_rivers_large_b, chequers_serial_rivers_micro_e,
          chequers_serial_rivers_micro_b, chequers_serial_rivers_small_b,
          chequers_serial_rivers_micro_c, infiniplex_staircase_pool_2,
          serial_bayou_shore_b, uniq_kirke
Lair:5:   grunt_megastairs_1
Lair:6:   hangedman_lair_tendril_chambers, wormcave,
          minmay_slime_entry_oklob_open, basic_altar, fungi_pond_lemuel
Spider:2: ebering_ghost_reflecting_pool, spider_trap
Orc:1:    minmay_shop_enchanted_jewellery, guppyfry_library_mini, uniq_maurice
Orc:2:    grunt_orc_cross, mines2_david
Elf:1:    basic_altar, serial_shops, shop, hangedman_corner_corridor
Elf:2:    hangedman_research_toxicology, lemuel_elevator, uniq_nikola

Skill      XL: |  1  2  3  4  5  6  7  8  9 10 11 12 13 14 15 16 |
---------------+-------------------------------------------------+-----
Unarmed Combat | 4 5 6 8 9 11 12 13 14 15 | 15.5
Fighting       | 3 4 5 6 7 8 9 10 11 12 | 12.2
Dodging        | 3 4 5 6 7 8 9 |  9.8
Throwing       | 1 2 3 4 5 6 |  6.0
Shields        | 3 6 8 9 |  9.0
Maces & Flails | 2 4 6 8 10 12 13 | 13.2
Stealth        | |  1.0

Action                   |  1- 3 |  4- 6 |  7- 9 | 10-12 | 13-15 | 16-18 || total
-------------------------+-------+-------+-------+-------+-------+-------++-------
Melee: Unarmed           |    93 |   107 |   255 |   593 |  1653 |   272 ||  2973
       Punch             |       |     1 |     6 |       |       |       ||     7
       Dire flail        |       |       |       |       |    32 |       ||    32
Invok: Sacrifice Arcana  |       |     1 |       |       |       |       ||     1
       Sacrifice Durabil |       |       |     1 |       |       |       ||     1
       Sacrifice Resista |       |       |       |     1 |       |       ||     1
       Apocalypse        |       |       |       |     5 |     4 |     1 ||    10
       Sacrifice Love    |       |       |       |     1 |       |       ||     1
       Draw Out Power    |       |       |       |       |     1 |       ||     1
Evoke: Wand              |       |       |       |       |     8 |       ||     8
  Use: Scroll            |     1 |     9 |    12 |    14 |    11 |     7 ||    54
       Potion            |       |     3 |     4 |       |    14 |     5 ||    26
 Stab: Sleeping          |     5 |     2 |     2 |     4 |     9 |     4 ||    26
       Invisible         |       |       |     3 |     4 |    13 |     3 ||    23
       Distracted        |       |       |     2 |     5 |    15 |       ||    22
       Paralysed         |       |       |       |    19 |    20 |       ||    39
       Petrified         |       |       |       |       |     2 |       ||     2
  Eat: Chunk             |    19 |    11 |    36 |    65 |   143 |    16 ||   290
Armor: Robe              |    31 |    23 |    60 |    55 |   207 |    41 ||   417
Dodge: Dodged            |    43 |    59 |   120 |   184 |   491 |    93 ||   990
Block: Shield            |       |       |    53 |   237 |   929 |   157 ||  1376
       Reflection        |       |       |       |       |    59 |     3 ||    62
       Other             |       |       |       |       |     3 |       ||     3

Table legend:
 A = Non-vault XP
 B = Vault XP
 C = Vault XP percentage of total XP
 D = Non-vault monster count
 E = Vault monster count
 F = Vault count percentage of total count
                 A         B        C        D         E       F
            +---------+---------+-------+---------+---------+-------
      Total |  127332 |   61445 |  32.5 |     650 |     207 |  24.2
            +---------+---------+-------+---------+---------+-------
        D:1 |      26 |       0 |   0.0 |      12 |       0 |   0.0
        D:2 |      59 |       0 |   0.0 |      21 |       0 |   0.0
        D:3 |      61 |       0 |   0.0 |      26 |       0 |   0.0
        D:4 |      73 |     350 |  82.7 |       3 |       2 |  40.0
        D:5 |     476 |     567 |  54.4 |      12 |       7 |  36.8
        D:6 |    1005 |       0 |   0.0 |      19 |       0 |   0.0
        D:7 |     100 |       0 |   0.0 |       6 |       0 |   0.0
        D:8 |    1126 |     135 |  10.7 |      23 |       3 |  11.5
        D:9 |    1652 |     598 |  26.6 |      18 |      12 |  40.0
       D:10 |    2444 |    2367 |  49.2 |      27 |       7 |  20.6
       D:11 |    5918 |    5329 |  47.4 |      47 |      13 |  21.7
       D:12 |    3409 |    1830 |  34.9 |      25 |      10 |  28.6
       D:13 |    9911 |     980 |   9.0 |      34 |       1 |   2.9
       D:14 |    9504 |   11293 |  54.3 |      62 |       9 |  12.7
       D:15 |    9810 |    3678 |  27.3 |      34 |       7 |  17.1
     Lair:1 |    2162 |     352 |  14.0 |      15 |       2 |  11.8
     Lair:2 |    2257 |     357 |  13.7 |       8 |      10 |  55.6
     Lair:3 |    4816 |    2038 |  29.7 |      24 |       1 |   4.0
     Lair:4 |    8270 |    1084 |  11.6 |      21 |       6 |  22.2
     Lair:5 |    3733 |    1867 |  33.3 |      18 |       7 |  28.0
     Lair:6 |    7601 |   12406 |  62.0 |      24 |      40 |  62.5
   Spider:1 |    5839 |       0 |   0.0 |      10 |       0 |   0.0
   Spider:2 |    5821 |       0 |   0.0 |      18 |       0 |   0.0
      Orc:1 |    4591 |    1713 |  27.2 |      58 |      13 |  18.3
      Orc:2 |    7167 |    7894 |  52.4 |      38 |      43 |  53.1
      Elf:1 |   15359 |       0 |   0.0 |      24 |       0 |   0.0
      Elf:2 |   14142 |    6607 |  31.8 |      23 |      14 |  37.8
            +---------+---------+-------+---------+---------+-------
